 Dungeon Crawl Stone Soup version 0.28-a0-643-g84cb2ea78e (webtiles) character file.

Game seed: 11950575099230925312

43 cheechan the Grasshopper (level 3, -4/24 HPs)
             Began as an Octopode Warper on Oct 11, 2021.
             Slain by Terence (13 damage)
             ... on level 3 of the Dungeon.
             The game lasted 00:06:37 (1328 turns).

cheechan the Grasshopper (Octopode Warper)          Turns: 1328, Time: 00:06:38

Health: -4/24      AC:  1    Str: 10    XL:     3   Next: 58%
Magic:  6/6        EV: 14    Int: 15    God:
Gold:   73         SH:  0    Dex: 18    Spells: 6/6 levels left

rFire   . . .      SeeInvis .   a - +0 short sword
rCold   . . .      Faith    .   (no shield)
rNeg    . . .      Spirit   .   (helmet restricted)
rPois   .          Reflect  .   (no amulet)
rElec   .          Harm     .   e - +6 ring of dexterity
rCorr   .          Rampage  .   (no ring)
Will    .....                   (no ring)
Stlth   +++.......              (no ring)
HPRegen 0.08/turn               (no ring)
MPRegen 0.10/turn               (no ring)
                                (no ring)
                                (no ring)

@: no status effects
A: almost no armour, amphibious, 8 rings, camouflage 1, gelatinous body 1,
(nimble swimmer 1), tentacles
a: no special abilities


You were on level 3 of the Dungeon.
You visited 1 branch of the dungeon, and saw 3 of its levels.

You collected 73 gold pieces.

Inventory:

Hand Weapons
 a - a +0 short sword (weapon)
 h - a +0 whip
 j - a +0 mace
 o - a +0 dagger
Missiles
 c - 5 boomerangs of dispersal
 g - 12 bolts
 k - 9 poisoned darts (quivered)
 r - 20 stones
Armour
 d - a +1 ring mail
Jewellery
 e - a +6 ring of dexterity (left tentacle)
Wands
 q - a wand of acid (3)
Scrolls
 b - a scroll of blinking
 i - a scroll of identify
 l - a scroll of enchant armour
Potions
 f - a potion of might
 m - a potion of flight {unknown}
 n - a potion of berserk rage {unknown}
 p - a potion of ambrosia {unknown}


   Skills:
 + Level 2.2 Fighting
 + Level 2.4 Short Blades
 + Level 1.0 Throwing
 + Level 2.6 Dodging
 + Level 0.4 Stealth
 + Level 2.1 Spellcasting
 + Level 3.7 Translocations


You had 6 spell levels left.
You didn't know any spells.
Your spell library contained the following spells:

 Spells                   Type           Power      Damage    Failure   Level
 Blink                    Tloc           N/A        N/A       7%          2
 Gell's Gravitas          Tloc           6%         N/A       14%         3
 Lesser Beckoning         Tloc           12%        N/A       14%         3
 Teleport Other           Tloc           12%        N/A       14%         3
 Manifold Assault         Tloc           12%        N/A       78%         5


Dungeon Overview and Level Annotations

Branches:
Dungeon (3/15)

Altars:

Annotations:
D:3 Terence


Innate Abilities, Weirdness & Mutations

You cannot wear most types of armour.
You are amphibious.
You can wear up to eight rings at the same time.
Your skin changes colour to match your surroundings (Stealth+).
Your rubbery body absorbs attacks. (AC +1, EV +1)
((You are camouflaged near water. (Stealth+)))
You have tentacles for arms and can constrict up to eight enemies at once.


Message History

a +0 dagger; a goblin corpse Terence shouts, "ATTACK!!!"
Terence bares his teeth.
Things that are here:
a +0 dagger; a goblin corpse Terence says, "Rest in peace."
Throw: 10 darts (poison)
Press: ? - help, Q - select action, (/) - cycle Shift-Dir - straight line, f - Terence
Aim: Terence, wielding a +0 flail and wearing a +0 ring mail (severely wounded, 65% to hit)
You throw a poisoned dart. The poisoned dart hits Terence.
Terence is severely wounded.
Found 17 bolts.
You see here a poisoned dart.
A hobgoblin comes into view.
A ball python comes into view.
The ball python moves out of view.
Terence says, "You're history."
A hobgoblin comes into view.
Terence shouts, "Get ready for death!"
The hobgoblin moves out of view.
Found a stone staircase leading down.
The hobgoblin shouts!
An endoplasm comes into view.
A jackal comes into view.
A jackal comes into view.
The jackal barks!
A jackal comes into view.
The hobgoblin shouts!
The jackal barks!
A jackal comes into view.
The ball python hisses angrily.
The jackal barks!
The endoplasm quivers.
A rat comes into view.
Terence asks, "Do you want it fast or slow?"
The kobold closely misses you.
The jackal barks!
You hit Terence but do no damage. Your grab misses Terence.
Terence is severely wounded.
Terence hits you with a +0 flail!
Ouch! That really hurt!
You die...

...........# #.............
...........# #.....#.......
.....J...#.#########.......).....
.........J................#.....#
........##.##....$..............#
........g#..)....(...........####
......##...Khhh####.....#.<.##
.............#K####.###.....#
>............#.@@...#####.#...
................##..........#...
.......(....###..................
..............#..................
..............#.......###. ###..?
.....#...............## ## .# .#
..####...............#
#.......###.....#. #######..
....##.


You could see Terence, an endoplasm, 2 jackals and a kobold.

Vanquished Creatures
  2 adders (D:2)
  A worm (D:2)
  A dart slug (D:1)
  A bat (D:1)
  2 endoplasms
  A goblin (D:3)
  2 hobgoblins (D:1)
  2 kobolds (D:2)
  2 quokkas (D:2)
  3 ball pythons
  4 frilled lizards
21 creatures vanquished.

Notes
Turn   | Place    | Note
-------+----------+-------------------------------------------
     0 | D:1      | cheechan the Octopode Warper began the quest for the Orb.
     0 | D:1      | Reached XP level 1. HP: 14/14 MP: 3/3
    97 | D:1      | Found a faded altar of an unknown god.
   269 | D:1      | Reached XP level 2. HP: 19/19 MP: 5/5
   651 | D:2      | Reached XP level 3. HP: 15/24 MP: 6/6
  1232 | D:3      | Noticed Terence
  1328 | D:3      | Slain by Terence

Illustrated notes

Levels and vault maps discovered:
D:1:      minmay_arrival_open_corners, layout_basic,
          ebering_ecumenical_altar_hall, chequers_serial_rivers_small_3,
          minmay_curled_crystal
D:2:      layout_loops_ring, grunt_ministairs_9
D:3:      layout_rooms, gammafunk_ghost_abyssal_escape, uniq_terence,
          uniq_natasha

Action                   || total
-------------------------++-------
Melee: Short sword       ||    52
       Constrict         ||     9
       Tentacles         ||     9
Throw: Dart              ||     1
  Use: Scroll            ||     3
 Stab: Sleeping          ||     2
Armor: Skin              ||     5
Dodge: Dodged            ||    36

Table legend: (Time is in decaauts)
 A = Elapsed time spent in this place.
 B = Non-inter-level travel time spent in this place.
 C = Inter-level travel time spent in this place.
 D = Time resting spent in this place.
 E = Time spent auto-exploring this place.
 F = Levels seen in this place.
 G = Mean time per level.
                   A        B        C        D        E       F      G
               +--------+--------+--------+--------+--------+-----+--------+
         Total |   1326 |   1326 |      0 |    208 |      0 |   3 |  442.0 |
       Dungeon |   1326 |   1326 |      0 |    208 |      0 |   3 |  442.0 |
               +--------+--------+--------+--------+--------+-----+--------+

Top non-repeatable levels by time:
     D:2: 668 daAuts
     D:1: 536 daAuts
     D:3: 121 daAuts
